 Dungeon Crawl Stone Soup version 0.24-a0-246-gb963c9a (webtiles) character file.

Game seed: 5000594373818162347

364 Ijustatesigmund the Chopper (level 6, -5/44 HPs)
             Began as an Octopode Fighter on Apr 12, 2019.
             Slain by Duvessa
             ... wielding a +0 rapier
              (16 damage)
             ... on level 4 of the Dungeon.
             The game lasted 00:05:00 (3529 turns).

Ijustatesigmund the Chopper (Octopode Fighter)      Turns: 3529, Time: 00:05:01

Health: -5/44      AC:  1    Str: 20    XL:     6   Next: 67%
Magic:  6/6        EV: 12    Int: 11    God:
Gold:   215        SH:  9    Dex: 13    Spells: 5/5 levels left

rFire    . . .     SeeInvis .   a - +0 war axe
rCold    . . .     Gourm    .   b - +0 shield
rNeg     . . .     Faith    .   (helmet restricted)
rPois    .         Spirit   .   h - amulet of inaccuracy (curse)
rElec    .         Reflect  .   k - +2 ring of slaying
rCorr    .         Harm     .   (no ring)
MR       .....                  (no ring)
Stlth    ++........             (no ring)
HPRegen  0.14/turn              (no ring)
MPRegen  0.10/turn              (no ring)
                                (no ring)
                                (no ring)

@: mighty
A: almost no armour, stealthy swim, amphibious, 8 rings, constrict 8, camouflage
1, gelatinous body 1
a: no special abilities


You were on level 4 of the Dungeon.
You were hungry.

You visited 2 branches of the dungeon, and saw 5 of its levels.

You collected 215 gold pieces.

Inventory:

Hand Weapons
 a - a +0 war axe (weapon)
Armour
 b - a +0 shield (worn)
Jewellery
 h - a cursed amulet of inaccuracy (around mantle)
 k - a +2 ring of slaying (left tentacle)
Potions
 e - a potion of berserk rage {unknown}
 f - 2 potions of curing
 g - 2 potions of lignification
 i - a potion of haste {unknown}
 l - a potion of mutation {unknown}
Comestibles
 d - 3 rations


   Skills:
 + Level 4.6 Fighting
 + Level 5.1 Axes
 + Level 3.5 Dodging
 + Level 3.5 Shields


You had 5 spell levels left.
You didn't know any spells.
Your spell library was empty.

Dungeon Overview and Level Annotations

Branches:
Dungeon (4/15)             Temple (1/1) D:4

Altars:
Ashenzari
Gozag
Hepliaklqana
Makhleb
Uskayaw
Vehumet
Xom
Jiyva

Annotations:
D:4 Duvessa


Innate Abilities, Weirdness & Mutations

You cannot wear most types of armour.
You are very stealthy in the water. (Stealth+)
You are amphibious.
You can wear up to eight rings at the same time.
You can use your tentacles to constrict eight enemies at once.
Your skin changes colour to match your surroundings (Stealth+).
Your rubbery body absorbs attacks. (AC +1, EV +1)


Message History

You feel very mighty all of a sudden. Dowan barely misses you.
You miss Dowan. You grab Dowan. You constrict Dowan.
Dowan hits you but does no damage.
You slash Dowan!
Dowan is heavily wounded.
You constrict Dowan. Dowan hits you with a +0 dagger.
You slash Dowan!
You kill Dowan!
You hear a distant scream of rage.
Duvessa shouts!
Duvessa goes berserk!
Items here: ! ) [ † a +0 dagger; a +0 robe; 2 murky emerald potions; the elf corpse of Dowan Duvessa hits you with a +0 rapier!!
Duvessa hits you with a +0 rapier!
* * * LOW HITPOINT WARNING * * *
You slash Duvessa! You grab Duvessa.
Duvessa is lightly wounded.
You constrict Duvessa. Duvessa hits you with a +0 rapier!
You die...

#............#
#............+
#$......e....####
#.#######..(.+..
#....#.# #.e..#.#
###'##.#
####.##)#
#....e@.#
####.#### #.# #.#
###


You could see Duvessa (berserk).

Vanquished Creatures
  A phantom (D:4)
  Dowan (D:4)
  A crimson imp (D:3)
  An orc wizard (D:4)
  6 adders
  4 worms
  2 dart slugs
  4 leopard geckos
  6 orcs
  9 bats
  3 giant cockroaches
  9 hobgoblins
  7 jackals
  5 kobolds
  A quokka (D:2)
  A ball python (D:2)
  5 frilled lizards
  12 goblins
  8 rats
86 creatures vanquished.

Notes
Turn   | Place    | Note
-------+----------+-------------------------------------------
     0 | D:1      | Ijustatesigmund the Octopode Fighter began the quest for
                  | the Orb.
     0 | D:1      | Reached XP level 1. HP: 16/16 MP: 1/1
    70 | D:1      | Reached XP level 2. HP: 21/21 MP: 2/2
   178 | D:1      | Reached skill level 3 in Axes
   189 | D:1      | Reached XP level 3. HP: 22/26 MP: 3/3
   422 | D:2      | Reached XP level 4. HP: 21/32 MP: 4/4
   634 | D:2      | Found an opulent altar of Gozag.
   839 | D:2      | Reached skill level 4 in Axes
  1983 | D:3      | Reached XP level 5. HP: 20/37 MP: 5/5
  2469 | D:3      | Found a shimmering altar of Xom.
  2470 | D:3      | Found a burning altar of Makhleb.
  2927 | D:4      | Found a staircase to the Ecumenical Temple.
  2927 | D:4      | Noticed a phantom
  2941 | D:4      | Killed a phantom
  2941 | D:4      | Reached skill level 5 in Axes
  2941 | D:4      | Reached XP level 6. HP: 7/44 MP: 6/6
  3213 | D:4      | Noticed Duvessa
  3217 | Temple   | Entered the Ecumenical Temple
  3498 | D:4      | Noticed Dowan
  3526 | D:4      | Killed Dowan
  3529 | D:4      | Slain by Duvessa

Levels and vault maps discovered:
D:1:      roderic_chinese_lattice_arrival, layout_basic,
          minmay_stone_trees_medium, supply_closet_lemuel
D:2:      layout_basic, nicolae_gozag_cash_rules_everything_around_me,
          minmay_misc_feat_roman, chequers_serial_rivers_marsh
D:3:      layout_basic, grunt_temple_overflow_champion_of_chaos, minivault_25,
          interstate_on_off
D:4:      corexii_shantytown, layout_basic, zin_statuary, kennysheep_little_box,
          minmay_temple_entry_ruins, uniq_duvessa, uniq_natasha
Temple:   pf_slimified_temple

Skill      XL: |  1  2  3  4  5 |
---------------+----------------+-----
Axes           | 3 4 5 |  5.1
Fighting       | 4 |  4.6
Dodging        | |  3.5
Shields        | |  3.5

Action                   |  1- 3 |  4- 6 || total
-------------------------+-------+-------++-------
Melee: War axe           |    52 |    99 ||   151
       Constrict         |    15 |    22 ||    37
       Tentacles         |    12 |    14 ||    26
       Unarmed           |       |     5 ||     5
  Use: Scroll            |       |     6 ||     6
       Potion            |       |     2 ||     2
 Stab: Sleeping          |     7 |     7 ||    14
       Distracted        |       |     1 ||     1
  Eat: Ration            |       |     1 ||     1
       Chunk             |       |     4 ||     4
Armor: Skin              |     8 |     5 ||    13
Dodge: Dodged            |    16 |    41 ||    57
Block: Shield            |    17 |    49 ||    66

Table legend:
 A = Non-vault XP
 B = Vault XP
 C = Vault XP percentage of total XP
 D = Non-vault monster count
 E = Vault monster count
 F = Vault count percentage of total count
                 A         B        C        D         E       F
            +---------+---------+-------+---------+---------+-------
      Total |     400 |     120 |  23.1 |      84 |       2 |   2.3
            +---------+---------+-------+---------+---------+-------
        D:1 |      66 |       0 |   0.0 |      35 |       0 |   0.0
        D:2 |      64 |       0 |   0.0 |      20 |       0 |   0.0
        D:3 |      84 |      48 |  36.4 |      23 |       1 |   4.2
        D:4 |     173 |      72 |  29.4 |       5 |       1 |  16.7
     Temple |      13 |       0 |   0.0 |       1 |       0 |   0.0
            +---------+---------+-------+---------+---------+-------
